AoeStats
← sock

Arabia

510328652Analyzed
1v1 RM · 2d ago on Sep 30, 2026· 80m 53s· 2 players
Game mode
Random Map
Map size
Tiny (2 player)
Population
200
Speed
Normal
Resources
Standard
Victory
Conquest
Starting age
Dark Age
Ending age
Imperial Age
RankedLock teamsTeams togetherTeam positionsShared explorationLock speedFull tech treeHidden civsTurbo modeCheats
Victory
Defeat
🇨🇳 Persians · China
860
+17
🇬🇧 Japanese · United Kingdom
874
-17
maorachow
4:54 Loom
11:12 Feudal Age
12:40 Double-Bit Axe
16:44 Fletching
16:58 Horse Collar
23:40 Castle Age
21:23 Man-at-Arms
22:01 Stone Mining
22:06 Gold Mining
22:33 Padded Archer Armor
23:03 Scale Mail Armor
23:23 Forging
23:32 Arson
24:25 Squires
24:26 Bodkin Arrow
24:50 Leather Archer Armor
25:45 Wheelbarrow
25:52 Crossbowman
28:47 Ballistics
29:26 Thumb Ring
30:49 Gold Shaft Mining
30:42 Fervor
30:46 Scale Mail Armor
30:58 Scale Barding Armor
31:35 Squires
36:37 Imperial Age
34:33 Bloodlines
35:10 Iron Casting
34:57 Chain Barding Armor
34:42 Kamandaran
35:12 Husbandry
36:14 Scale Mail Armor
35:37 Pikeman
36:17 Herbal Medicine
37:17 Murder Holes
40:00 Chemistry
40:40 Conscription
40:59 Elite War Elephant
42:43 Blast Furnace
42:28 Plate Barding Armor
44:33 Hoardings
45:14 Halberdier
55:19 Ring Archer Armor
56:25 Guilds
59:10 Guilds
59:35 Gambesons
60:32 Elite Skirmisher
66:16 Masonry
66:34 Light Cavalry
69:04 Hussar
71:18 Citadels
77:40 Sappers
sock
9:40 Feudal Age
9:52 Man-at-Arms
11:27 Double-Bit Axe
12:51 Loom
19:34 Castle Age
18:27 Gold Mining
18:30 Stone Mining
19:09 Fletching
19:17 Horse Collar
22:23 Gold Shaft Mining
22:10 Scale Barding Armor
24:22 Wheelbarrow
24:16 Bow Saw
24:17 Husbandry
28:11 Town Watch
29:21 Town Patrol
29:53 Hand Cart
34:55 Imperial Age
33:02 Bloodlines
36:18 Kataparuto
37:04 Chain Barding Armor
37:19 Cavalier
37:51 Gambesons
38:06 Pikeman
42:05 Scale Mail Armor
48:03 Hoardings
48:02 Capped Ram
49:41 Yasama
49:54 Elite Samurai
51:54 Forging
52:00 Chain Mail Armor
51:27 Halberdier
52:39 Squires
55:45 Arson
58:46 Plate Mail Armor
58:06 Arrowslits
58:17 Murder Holes
59:29 Iron Casting
59:30 Ballistics
61:44 Elite Skirmisher
63:55 Blast Furnace
62:51 Bodkin Arrow
62:57 Padded Archer Armor
63:06 Guard Tower
64:18 Chemistry
72:27 Bracer
72:42 Leather Archer Armor
76:19 Two-Man Saw
75:25 Heavy Plow
76:09 Thumb Ring
Connection lost

Rejoining the realm…

Still unreachable

The connection could not be restored.

Session expired

The server has moved on; the page needs a fresh start.